[Event "FIDE World Rapid Chess Championship 2021"]
[White "Ivic, Velimir"]
[Black "Sjugirov, Sanan"]
[WhiteFideId "950122"]
[BlackFideId "4189302"]
[WhiteElo "2357"]
[BlackElo "2634"]
[Result "1-0"]
[Round "09"]
[TimeControl "900+10"]
[Date "2021.12.27"]
[WhiteClock "0:01:33"]
[BlackClock "0:00:35"]

1. e4 e5 2. Nf3 Nc6 3. Bb5 a6 4. Ba4 Nf6 5. O-O Be7 6. d3 b5 7. Bb3 d6 8. c3 Na5 9. Bc2 c5 10. d4 cxd4 11. cxd4 Nc6 12. d5 Nb4 13. Bb3 a5 14. a3 Na6 15. Bc2 O-O 16. Be3 Bd7 17. Nc3 Qb8 18. Qe2 b4 19. axb4 axb4 20. Na4 b3 21. Bd3 Nb4 22. Nb6 Rxa1 23. Rxa1 Bg4 24. Ra3 Bxf3 25. gxf3 Bd8 26. Rxb3 Nxd3 27. Qxd3 Bxb6 28. Rxb6 Qd8 29. Qa3 Ne8 30. Ra6 f5 31. Ra8 Qf6 32. Qa4 Qf7 33. b4 fxe4 34. fxe4 Qg6+ 35. Kf1 Nf6 36. Rxf8+ Kxf8 37. b5 Nxe4 38. b6 Nc3 39. Qa8+ Kf7 40. Qb7+ Kf6 41. Qc8 Qd3+ 42. Kg2 Qe4+ 43. f3 Qxe3 44. Qe6+ Kg5 45. h4+ Kh5 46. Qg4+ Kh6 47. Qg5+ 1-0


[Site "http://www.Chess.com"]

[Event "FIDE World Rapid Chess Championship 2021"]
[White "Artemiev, Vladislav"]
[Black "Christiansen, Johan-Sebastian"]
[WhiteFideId "24101605"]
[BlackFideId "1512668"]
[WhiteElo "2714"]
[BlackElo "2522"]
[Result "1-0"]
[Round "09"]
[TimeControl "900+10"]
[Date "2021.12.27"]
[WhiteClock "0:00:15"]
[BlackClock "0:00:08"]

1. Nf3 c5 2. b3 d6 3. c4 e5 4. d3 f5 5. Nc3 Nf6 6. g3 Nc6 7. Bg2 g6 8. O-O Bg7 9. Bg5 O-O 10. Nd5 Be6 11. Nd2 Qd7 12. Bxf6 Bxf6 13. Rb1 Kg7 14. a3 Bxd5 15. Bxd5 a5 16. e3 Rab8 17. Rc1 b5 18. Nb1 Ne7 19. Bg2 Rfe8 20. Nc3 b4 21. axb4 Rxb4 22. Nb5 Rb8 23. Ra1 R8xb5 24. cxb5 Rxb5 25. Qd2 Qd8 26. Rfd1 d5 27. e4 d4 28. Qc2 Qb6 29. Ra3 f4 30. Bh3 Qb7 31. Be6 Nc6 32. Qe2 Qe7 33. Bd5 Qd6 34. Qg4 fxg3 35. fxg3 Rb8 36. Bxc6 Qxc6 37. Rxa5 Rb7 38. Rf1 h5 39. Qf3 Qb6 40. Ra8 Rf7 41. g4 Qb7 42. Ra2 Qxb3 43. Rg2 hxg4 44. Qxg4 g5 45. Rg3 c4 46. Qe6 Kf8 47. Rgf3 cxd3 48. Qxb3 1-0


[Site "http://www.Chess.com"]

[Event "FIDE World Rapid Chess Championship 2021"]
[White "Sargissian, Gabriel"]
[Black "Pichot, Alan"]
[WhiteFideId "13300881"]
[BlackFideId "110973"]
[WhiteElo "2693"]
[BlackElo "2523"]
[Result "1-0"]
[Round "09"]
[TimeControl "900+10"]
[Date "2021.12.27"]
[WhiteClock "0:06:14"]
[BlackClock "0:06:36"]

1. d4 Nf6 2. c4 e6 3. Nc3 Bb4 4. e3 O-O 5. Bd3 Bxc3+ 6. bxc3 d6 7. e4 e5 8. Ne2 Nc6 9. f3 b6 10. Be3 Ba6 11. Ng3 Qe8 12. O-O Na5 13. Qe2 Qa4 14. f4 exf4 15. Rxf4 Ne8 16. e5 Bxc4 17. Bxh7+ Kxh7 18. Qh5+ Kg8 19. Nf5 Qd7 20. Nh6+ gxh6 21. Rg4+ Ng7 22. Rxg7+ Kxg7 23. Bxh6+ 1-0


[Site "http://www.Chess.com"]

[Event "FIDE World Rapid Chess Championship 2021"]
[White "Demchenko, Anton"]
[Black "Yuffa, Daniil"]
[WhiteFideId "4160258"]
[BlackFideId "24131423"]
[WhiteElo "2666"]
[BlackElo "2514"]
[Result "1-0"]
[Round "09"]
[TimeControl "900+10"]
[Date "2021.12.27"]
[WhiteClock "0:01:21"]
[BlackClock "0:00:47"]

1. e4 c5 2. Nf3 d6 3. d4 cxd4 4. Qxd4 Nf6 5. Nc3 Nc6 6. Qe3 g6 7. h3 Bg7 8. Bc4 O-O 9. O-O a6 10. a4 Qc7 11. Qe2 e6 12. Rd1 Nd7 13. Bb3 Nc5 14. Bf4 Ne5 15. Nxe5 Bxe5 16. Bh6 Re8 17. f4 Bh8 18. Qd2 Rb8 19. Qxd6 Qxd6 20. Rxd6 Bxc3 21. bxc3 Nxe4 22. Rd4 Nxc3 23. Re1 b5 24. axb5 Nxb5 25. Rd3 Rb6 26. c4 Rd6 27. Red1 Rxd3 28. Rxd3 Na7 29. Ba4 Rf8 30. Kf2 a5 31. Ke3 f6 32. Bxf8 Kxf8 33. Rd8+ Ke7 34. Rh8 Kd6 35. Rxh7 Nc6 36. Rg7 Ne7 37. c5+ Kd5 1-0


[Site "http://www.Chess.com"]

[Event "FIDE World Rapid Chess Championship 2021"]
[White "Riazantsev, Alexander"]
[Black "Czarnota, Pawel"]
[WhiteFideId "4125029"]
[BlackFideId "1121219"]
[WhiteElo "2632"]
[BlackElo "2511"]
[Result "1/2-1/2"]
[Round "09"]
[TimeControl "900+10"]
[Date "2021.12.27"]
[WhiteClock "0:09:35"]
[BlackClock "0:11:39"]

1. d4 Nf6 2. c4 e6 3. Nf3 d5 4. Bg5 Be7 5. e3 h6 6. Bxf6 Bxf6 7. Qc2 O-O 8. h4 c5 9. g4 g6 10. g5 hxg5 11. hxg5 Bg7 12. dxc5 Nc6 13. Nc3 Qa5 14. O-O-O Qxc5 15. Kb1 Rd8 16. Rh4 a6 17. a3 b5 18. cxb5 axb5 19. Nxb5 Qb6 20. Rc1 Bd7 21. Qc5 Qb7 22. Rc2 Rdb8 23. Bd3 Bf8 24. Qc3 Bg7 25. Qc5 Bf8 26. Qc3 Bg7 27. Qc5 1/2-1/2


[Site "http://www.Chess.com"]

[Event "FIDE World Rapid Chess Championship 2021"]
[White "Vidit, Santosh Gujrathi"]
[Black "Nihal, Sarin"]
[WhiteFideId "5029465"]
[BlackFideId "25092340"]
[WhiteElo "2629"]
[BlackElo "2500"]
[Result "1/2-1/2"]
[Round "09"]
[TimeControl "900+10"]
[Date "2021.12.27"]
[WhiteClock "0:06:31"]
[BlackClock "0:10:29"]

1. d4 Nf6 2. c4 e6 3. Nc3 Bb4 4. Qc2 d5 5. cxd5 Qxd5 6. e3 c5 7. Bd2 Bxc3 8. bxc3 b6 9. f3 Qd7 10. e4 cxd4 11. cxd4 O-O 12. Be3 Nc6 13. Qb2 Bb7 14. Bb5 Ne8 15. Ne2 Nd6 16. O-O Nxb5 17. Qxb5 Rfd8 18. Rfc1 1/2-1/2


[Site "http://www.Chess.com"]

[Event "FIDE World Rapid Chess Championship 2021"]
[White "Petrosyan, Manuel"]
[Black "Dreev, Aleksey"]
[WhiteFideId "13300857"]
[BlackFideId "4100107"]
[WhiteElo "2514"]
[BlackElo "2621"]
[Result "1/2-1/2"]
[Round "09"]
[TimeControl "900+10"]
[Date "2021.12.27"]
[WhiteClock "0:00:19"]
[BlackClock "0:00:59"]

1. d4 Nf6 2. c4 e6 3. Nc3 d5 4. cxd5 exd5 5. Bg5 c6 6. e3 Be7 7. Bd3 O-O 8. Qc2 h6 9. Bh4 Re8 10. Nge2 Nh5 11. Bxe7 Qxe7 12. O-O Nd7 13. Rab1 Nb6 14. b4 a6 15. a4 Nf6 16. a5 Nbd7 17. Na4 Ne4 18. Nc5 Ndf6 19. Nc3 Bf5 20. Rbe1 Qc7 21. f3 Nxc5 22. Bxf5 Ne6 23. Na4 Rad8 24. Qc3 Re7 25. Nc5 Ng5 26. h4 Ne6 27. Bxe6 fxe6 28. f4 Ree8 29. g3 Qf7 30. Kg2 Rb8 31. e4 dxe4 32. Nxe4 Nxe4 33. Rxe4 Rbd8 34. Rfe1 Rd6 35. Qc4 Rd5 36. R1e2 Qd7 37. Qc3 Qd6 38. Qc4 h5 39. Kf2 Kf7 40. Ke3 Rb5 41. Rb2 Qd5 42. Kd3 Qf5 43. Re2 Rd5 44. Kc3 g6 45. R2e3 Qh3 46. Qe2 Rd6 47. f5 gxf5 48. Qxh5+ Kf8 49. Qh8+ Kf7 50. Qh7+ Kf8 51. Qh8+ Kf7 52. Qh7+ Kf8 53. Rf4 Red8 54. Qh8+ Kf7 55. Qh7+ Kf8 56. h5 Qh1 57. Qh8+ Kf7 58. Qh7+ Kf8 59. Qh8+ Kf7 60. Qh7+ Kf8 61. Qh8+ Kf7 1/2-1/2


[Site "http://www.Chess.com"]

[Event "FIDE World Rapid Chess Championship 2021"]
[White "Sychev, Klementy"]
[Black "Adly, Ahmed"]
[WhiteFideId "4114060"]
[BlackFideId "10601619"]
[WhiteElo "2461"]
[BlackElo "2597"]
[Result "0-1"]
[Round "09"]
[TimeControl "900+10"]
[Date "2021.12.27"]
[WhiteClock "0:01:04"]
[BlackClock "0:00:09"]

1. e4 g6 2. d4 Bg7 3. Nc3 a6 4. Be3 b5 5. Nf3 Bb7 6. Bd3 d6 7. O-O e6 8. a4 b4 9. Ne2 Nf6 10. Ng3 O-O 11. a5 d5 12. e5 Nfd7 13. Bg5 Qe8 14. Qd2 c5 15. Bh6 Bh8 16. c3 Nc6 17. h4 f5 18. Bxf8 Qxf8 19. Bc2 Bg7 20. Ba4 Bh6 21. Qe1 Qe7 22. Ne2 Kh8 23. dxc5 Nxc5 24. Bxc6 Bxc6 25. Ned4 Bd7 26. cxb4 Ne4 27. b5 axb5 28. a6 g5 29. hxg5 Bxg5 30. Nxg5 Qxg5 31. f4 Qe7 32. Qe3 Bc8 33. Rfc1 Qg7 34. a7 Bb7 35. Nxe6 Qg6 36. Nc7 Rg8 37. Rc2 Qh5 38. e6 h6 39. Qd4+ Kh7 40. a8=Q Bxa8 41. Rxa8 Qh4 42. Ra1 Ng3 43. Ra8 0-1


[Site "http://www.Chess.com"]

[Event "FIDE World Rapid Chess Championship 2021"]
[White "Quparadze, Giga"]
[Black "Kantor, Gergely"]
[WhiteFideId "13602250"]
[BlackFideId "751499"]
[WhiteElo "2583"]
[BlackElo "2454"]
[Result "1/2-1/2"]
[Round "09"]
[TimeControl "900+10"]
[Date "2021.12.27"]
[WhiteClock "0:13:28"]
[BlackClock "0:01:13"]

1. e4 e5 2. Nf3 Nc6 3. Bb5 a6 4. Ba4 Nf6 5. Qe2 b5 6. Bb3 Bc5 7. c3 O-O 8. d3 d6 9. Bg5 Be6 10. Nbd2 Qe7 11. O-O h6 12. Bh4 Bb6 13. Kh1 Bxb3 14. axb3 Qe6 15. Ne1 Ne7 16. Bxf6 Qxf6 17. Nc2 Qe6 18. f4 exf4 19. Rxf4 d5 20. Re1 Rae8 21. Qd1 Ng6 22. Rff1 Ne5 23. exd5 Qxd5 24. Nb4 Qd7 25. d4 a5 26. Nc2 Ng4 27. h3 Nf6 28. Ne3 Re6 29. Nf5 Rfe8 30. Rxe6 Qxe6 31. c4 c6 32. Qf3 Bc7 33. Nxh6+ gxh6 34. Qxf6 Qxf6 35. Rxf6 Kg7 36. Rf5 Re2 37. Nf1 bxc4 38. bxc4 Rxb2 39. Rf3 a4 40. Ra3 Rb4 41. g4 Bd6 42. c5 Bf4 43. Ne3 Bxe3 44. Rxe3 Rb3 45. Re7 Rxh3+ 46. Kg2 Rd3 47. Rc7 Rxd4 48. Rxc6 Rxg4+ 49. Kf3 Rc4 50. Ra6 h5 51. c6 a3 52. Rxa3 Rxc6 53. Kf4 Rc4+ 54. Kg5 Rc5+ 55. Kh4 Kg6 56. Rg3+ Kh6 57. Rf3 Rc4+ 58. Kh3 Kg6 59. Rg3+ Kf5 60. Rf3+ Rf4 61. Ra3 f6 62. Ra5+ Kg6 63. Ra8 Rf3+ 64. Kh4 Rf4+ 65. Kg3 Rg4+ 66. Kh3 Rb4 67. Kg3 Kg5 68. Rg8+ Kf5 69. Rh8 Rb3+ 70. Kh4 Kf4 71. Ra8 f5 72. Ra4+ Kf3 73. Kg5 Kg3 74. Kxf5 Re3 75. Kg5 Re5+ 76. Kf6 Re1 77. Kg5 Re5+ 78. Kf6 Rd5 79. Ra3+ Kf4 80. Ra4+ Kf3 81. Ra3+ Kg2 82. Ra2+ Kh3 83. Ra3+ Kg4 84. Ra4+ Kg3 85. Ra3+ Kf2 86. Ra2+ Ke3 87. Ra3+ Ke4 88. Ra4+ Rd4 89. Rxd4+ Kxd4 90. Kg5 Kd5 91. Kxh5 Ke5 1/2-1/2


[Site "http://www.Chess.com"]

[Event "FIDE World Rapid Chess Championship 2021"]
[White "Corrales Jimenez, Fidel"]
[Black "Sadhwani, Raunak"]
[WhiteFideId "3506690"]
[BlackFideId "35093487"]
[WhiteElo "2561"]
[BlackElo "2454"]
[Result "1-0"]
[Round "09"]
[TimeControl "900+10"]
[Date "2021.12.27"]
[WhiteClock "0:02:18"]
[BlackClock "0:01:43"]

1. e4 e5 2. Nf3 Nc6 3. d4 exd4 4. Nxd4 Nf6 5. Nxc6 bxc6 6. e5 Qe7 7. Qe2 Nd5 8. c4 Nb6 9. Nd2 a5 10. g3 g6 11. Bg2 Bg7 12. O-O O-O 13. Re1 a4 14. Rb1 Re8 15. Ne4 Ba6 16. b3 Bxe5 17. Bg5 Qf8 18. Bf6 d5 19. Bxe5 dxe4 20. Ba1 f6 21. Qb2 axb3 22. axb3 Nd7 23. Bxe4 Bb7 24. b4 Qf7 25. Qc3 Rad8 26. Rbd1 Kg7 27. h4 Nb6 28. Rxd8 Rxd8 29. b5 Nxc4 30. bxc6 Bc8 31. Bg2 h5 32. Qxf6+ Qxf6 33. Re7+ Kf8 34. Bxf6 Rd1+ 35. Kh2 Rd2 36. Rxc7 Bf5 37. Be7+ Kg8 38. Bg5 Rxf2 39. Kg1 Rc2 40. Bd5+ Kf8 41. Rf7+ Ke8 42. Rg7 1-0


[Site "http://www.Chess.com"]

[Event "FIDE World Rapid Chess Championship 2021"]
[White "Theodorou, Nikolas"]
[Black "Costachi, Mihnea"]
[WhiteFideId "4262875"]
[BlackFideId "1217518"]
[WhiteElo "2559"]
[BlackElo "2443"]
[Result "1/2-1/2"]
[Round "09"]
[TimeControl "900+10"]
[Date "2021.12.27"]
[WhiteClock "0:00:38"]
[BlackClock "0:02:24"]

1. d4 Nf6 2. c4 Bg7 3. e4 d6 4. f4 O-O 5. Nf3 c5 6. d5 b5 7. cxb5 a6 8. a4 axb5 9. Bxb5 Ba6 10. Rb1 e6 11. dxe6 fxe6 12. e5 dxe5 13. Qxd8 Rxd8 14. Nxe5 Bxb5 15. axb5 Nd5 16. O-O Nd7 17. Nc6 Re8 18. Bd2 N7b6 19. Ne4 Nc4 20. Bc3 Ra2 21. Bxg7 Kxg7 22. Rf2 Nc7 23. Rc1 Nb6 24. Rxc5 Nd7 25. Nd6 Nxc5 26. b6 N5a6 27. bxc7 Nxc7 28. Nxe8+ Nxe8 29. Re2 Nc7 30. g3 Kf6 31. Ne5 g5 32. fxg5+ Kxg5 33. Rf2 Nd5 34. h4+ Kh6 35. g4 Ra1+ 36. Kh2 Re1 37. Nf7+ Kg6 38. h5+ Kg7 39. g5 Ne3 40. Nh6 Nf5 41. Nxf5+ exf5 42. Rc2 Re3 43. Rc7+ Kg8 44. b4 Rb3 45. Rb7 h6 46. g6 f4 47. b5 Kh8 48. b6 Kg8 49. Kg2 Kh8 50. Kf2 Kg8 51. Rb8+ Kg7 52. Rb7+ Kg8 53. Kg1 Rb2 54. Kf1 f3 55. Rb8+ Kg7 56. b7 Rb1+ 57. Kf2 Rb2+ 58. Kxf3 Rb3+ 59. Ke4 Rb1 60. Kd3 Rb3+ 61. Kd4 Rb1 62. Ke3 Rb3+ 63. Kf2 Rb2+ 64. Kg3 Rb3+ 65. Kf4 Rb1 66. Kf3 Rb3+ 67. Ke2 Rb2+ 68. Kd3 Rb1 69. Kc2 Rb5 70. Kc3 Rb1 71. Kc4 Rc1+ 72. Kd4 Rd1+ 73. Ke3 Rb1 74. Rc8 Rxb7 75. Kd4 Ra7 76. Rc5 Rb7 77. Ke5 Ra7 78. Rd5 Rb7 79. Kf5 Re7 80. Re5 Rxe5+ 81. Kxe5 Kg8 82. Kf6 Kf8 83. g7+ Kg8 84. Kg6 1/2-1/2


[Site "http://www.Chess.com"]

[Event "FIDE World Rapid Chess Championship 2021"]
[White "Heberla, Bartlomiej"]
[Black "Ghaem Maghami, Ehsan"]
[WhiteFideId "1115120"]
[BlackFideId "12500739"]
[WhiteElo "2437"]
[BlackElo "2553"]
[Result "0-1"]
[Round "09"]
[TimeControl "900+10"]
[Date "2021.12.27"]
[WhiteClock "0:00:13"]
[BlackClock "0:00:36"]

1. d4 Nf6 2. Nf3 d5 3. c4 e6 4. Nc3 dxc4 5. e3 a6 6. a4 b6 7. Bxc4 Bb7 8. O-O Bb4 9. Qb3 Qe7 10. d5 exd5 11. Nxd5 Nxd5 12. Bxd5 Bxd5 13. Qxd5 Ra7 14. b3 O-O 15. Bb2 Rd8 16. Qf5 Nc6 17. Qg4 g6 18. Rac1 Bc5 19. Qf4 Bd6 20. Qc4 Ne5 21. Qc3 Nxf3+ 22. gxf3 f6 23. Qc4+ Kg7 24. Rfd1 Raa8 25. Rd4 Qf7 26. Qd3 Re8 27. Rd1 Re6 28. f4 Re7 29. Rd5 a5 30. h4 Rae8 31. h5 Qe6 32. Qe2 Qh3 33. Rxd6 cxd6 34. Rxd6 Re6 35. Rd7+ R8e7 36. Rd5 Rxe3 37. fxe3 Rxe3 38. Bxf6+ Kxf6 39. Qb2+ Kf7 40. hxg6+ hxg6 41. Rg5 Re1+ 42. Kf2 Rf1+ 43. Ke2 Qf3+ 44. Kd2 Rd1+ 0-1


[Site "http://www.Chess.com"]

[Event "FIDE World Rapid Chess Championship 2021"]
[White "Kozak, Adam"]
[Black "Martirosyan, Haik M."]
[WhiteFideId "753246"]
[BlackFideId "13306553"]
[WhiteElo "2552"]
[BlackElo "2377"]
[Result "1/2-1/2"]
[Round "09"]
[TimeControl "900+10"]
[Date "2021.12.27"]
[WhiteClock "0:05:23"]
[BlackClock "0:01:41"]

1. Nf3 Nf6 2. g3 d5 3. Bg2 e6 4. O-O Be7 5. c4 O-O 6. d4 dxc4 7. Qc2 a6 8. a4 b6 9. Bg5 Bb7 10. Qxc4 Nbd7 11. Nc3 c5 12. Rfd1 Rc8 13. Bxf6 Nxf6 14. dxc5 Qc7 15. c6 Qxc6 16. Qxc6 Bxc6 17. Ne5 Bxg2 18. Kxg2 Rc7 19. Rd3 Rfc8 20. Rad1 Kf8 21. f4 Ke8 22. g4 Bb4 23. Na2 Be7 24. Nc3 Bb4 25. Na2 Be7 26. Nc3 h6 27. Kf3 g5 28. e3 Rc5 29. h3 R5c7 30. Rd4 Bc5 31. R4d3 Be7 32. Rd4 Bc5 33. R4d3 Be7 34. Rd4 Bc5 35. R4d3 Be7 1/2-1/2


[Site "http://www.Chess.com"]

[Event "FIDE World Rapid Chess Championship 2021"]
[White "Gumularz, Szymon"]
[Black "Vokhidov, Shamsiddin"]
[WhiteFideId "1188062"]
[BlackFideId "14204223"]
[WhiteElo "2452"]
[BlackElo "2546"]
[Result "1-0"]
[Round "09"]
[TimeControl "900+10"]
[Date "2021.12.27"]
[WhiteClock "0:04:47"]
[BlackClock "0:03:04"]

1. e4 c5 2. Nf3 d6 3. Bb5+ Nd7 4. a4 Nf6 5. Nc3 a6 6. Be2 g6 7. a5 Bg7 8. O-O O-O 9. d3 b5 10. axb6 Bb7 11. Qd2 Nxb6 12. Qg5 c4 13. Qh4 cxd3 14. cxd3 h5 15. d4 Qd7 16. h3 Rfc8 17. Re1 a5 18. Bd1 Rc4 19. Qg3 Rxc3 20. bxc3 Nxe4 21. Qh4 Bf6 22. Ng5 Nxc3 23. Bxh5 gxh5 24. Qxh5 Bd5 25. Qh7+ Kf8 26. Ne4 Qe6 27. Bh6+ Ke8 28. Nxc3 Qc8 29. Nxd5 Nxd5 30. Rac1 Qb7 31. Qg8+ Kd7 32. Qxf7 a4 33. Qe6+ Kd8 34. Rb1 Qc6 35. Rec1 Nc7 36. Qg8+ Qe8 37. Qc4 Qd7 38. Rb7 1-0


[Site "http://www.Chess.com"]

[Event "FIDE World Rapid Chess Championship 2021"]
[White "Demidov, Mikhail"]
[Black "Teclaf, Pawel"]
[WhiteFideId "4197143"]
[BlackFideId "1185934"]
[WhiteElo "2544"]
[BlackElo "2345"]
[Result "1-0"]
[Round "09"]
[TimeControl "900+10"]
[Date "2021.12.27"]
[WhiteClock "0:03:08"]
[BlackClock "0:00:25"]

1. d4 d5 2. Nf3 Nf6 3. Bf4 e6 4. e3 Bd6 5. Bg3 O-O 6. c4 c5 7. dxc5 Bxg3 8. hxg3 dxc4 9. Qxd8 Rxd8 10. Rh4 Bd7 11. Rxc4 Bc6 12. Nd4 Bd5 13. Rc1 Nbd7 14. Nd2 a5 15. c6 Ne5 16. c7 Rdc8 17. Bb5 Ne8 18. f4 Nc6 19. Bxc6 Bxc6 20. Nxc6 bxc6 21. Rxc6 Rxc7 22. Rac1 Rxc6 23. Rxc6 Nf6 24. Nc4 h5 25. Rc5 a4 26. Ra5 Rxa5 27. Nxa5 Ne4 28. Nc4 Nxg3 29. Nb6 a3 30. bxa3 Kf8 31. a4 Ne4 32. a5 Nc5 33. Kd2 Ke7 34. Kc3 Kd6 35. Nc4+ Kc7 36. Kb4 Ne4 37. Ne5 f6 38. Ng6 Nd6 39. Nf8 e5 40. Ne6+ Kc6 41. Nxg7 h4 42. fxe5 fxe5 43. a3 Kd5 44. a6 Kc6 45. a7 Kb7 46. Kc5 Nf7 47. Nf5 1-0


[Site "http://www.Chess.com"]

[Event "FIDE World Rapid Chess Championship 2021"]
[White "Bartel, Mateusz"]
[Black "Sankalp, Gupta"]
[WhiteFideId "1112635"]
[BlackFideId "5097010"]
[WhiteElo "2543"]
[BlackElo "2266"]
[Result "1/2-1/2"]
[Round "09"]
[TimeControl "900+10"]
[Date "2021.12.27"]
[WhiteClock "0:05:11"]
[BlackClock "0:00:59"]

1. e4 e5 2. Nf3 Nf6 3. Nxe5 d6 4. Nf3 Nxe4 5. Nc3 Nxc3 6. dxc3 Be7 7. Be3 O-O 8. Qd2 Nd7 9. O-O-O Nf6 10. Bd3 Re8 11. h4 d5 12. Ng5 c5 13. c4 d4 14. Bf4 h6 15. Rde1 Bd7 16. Nf3 Qc8 17. Bxh6 Ng4 18. Bf4 b5 19. Ne5 Nxe5 20. Rxe5 Qa6 21. Rhe1 bxc4 22. Bxc4 Qxc4 23. b3 Qa6 24. Rxe7 Qxa2 25. Rxe8+ Bxe8 26. Qd3 Qa1+ 27. Kd2 Qa5+ 28. Kd1 Bb5 29. Qd2 Qa1+ 30. Qc1 Qa6 31. Re5 Qg6 32. Kd2 Qxg2 33. Qe1 Qf3 34. Qe4 Qxf2+ 35. Kc1 Bc6 36. Qf5 Re8 37. Rxe8+ Bxe8 38. Qe5 Bc6 39. Bd2 Qxh4 40. Qxc5 Qh1+ 41. Kb2 Qe4 42. Qxa7 d3 43. Qb8+ Kh7 44. Qh2+ Kg8 45. Qb8+ Kh7 46. Qh2+ 1/2-1/2


[Site "http://www.Chess.com"]

[Event "FIDE World Rapid Chess Championship 2021"]
[White "Vastrukhin, Oleg"]
[Black "Tari, Aryan"]
[WhiteFideId "4192770"]
[BlackFideId "1510045"]
[WhiteElo "2382"]
[BlackElo "2542"]
[Result "1/2-1/2"]
[Round "09"]
[TimeControl "900+10"]
[Date "2021.12.27"]
[WhiteClock "0:00:35"]
[BlackClock "0:01:16"]

1. Nf3 c5 2. g3 Nc6 3. Bg2 g6 4. O-O Bg7 5. c4 d6 6. Nc3 Bf5 7. d3 Qd7 8. Bd2 Bh3 9. a3 Bxg2 10. Kxg2 e6 11. b4 b6 12. b5 Na5 13. a4 Ne7 14. Ne4 f5 15. Neg5 h6 16. Nh3 Bxa1 17. Qxa1 e5 18. Bxa5 bxa5 19. Nf4 O-O 20. Nd5 Nxd5 21. cxd5 a6 22. bxa6 Rfb8 23. Nd2 Qf7 24. e4 f4 25. Qd1 Rxa6 26. Qg4 Kg7 27. Nc4 h5 28. Qg5 f3+ 29. Kh3 Qf6 30. Kh4 Rb3 31. h3 Ra7 32. Rd1 Ra8 33. g4 hxg4 34. Qxf6+ Kxf6 35. Kxg4 Rab8 36. Kxf3 R8b4 37. Nxa5 Ra3 38. Ke2 Ra2+ 39. Ke3 Rbb2 40. Rf1 Rxa4 41. Nc4 Rb3 42. Rc1 g5 43. Nxd6 Rd4 44. Rxc5 Rdxd3+ 45. Ke2 Rdc3 46. Rc6 Ke7 47. Nf5+ Kd7 48. Rxc3 Rxc3 49. h4 gxh4 50. Nxh4 Kd6 51. Nf5+ Kc5 52. f3 Rc2+ 53. Ke3 Ra2 54. Ne7 Kd6 55. Nf5+ Kd7 56. Nh6 Ke7 57. Ng4 Kd6 58. Nf2 Ra3+ 59. Ke2 Kc5 60. Ng4 Kd4 61. Kf2 Ra8 62. Nh6 Rf8 63. Nf5+ Kc5 64. f4 exf4 65. Kf3 Rd8 66. d6 Rxd6 67. Nxd6 Kxd6 1/2-1/2


[Site "http://www.Chess.com"]

[Event "FIDE World Rapid Chess Championship 2021"]
[White "Kosakowski, Jakub"]
[Black "Donchenko, Alexander"]
[WhiteFideId "1185080"]
[BlackFideId "24603295"]
[WhiteElo "2304"]
[BlackElo "2535"]
[Result "1-0"]
[Round "09"]
[TimeControl "900+10"]
[Date "2021.12.27"]
[WhiteClock "0:00:38"]
[BlackClock "0:02:24"]

1. e4 c6 2. d4 d5 3. Nc3 dxe4 4. Nxe4 Bf5 5. Ng3 Bg6 6. Nh3 Nf6 7. Nf4 e5 8. dxe5 Qa5+ 9. c3 Qxe5+ 10. Be2 Nbd7 11. O-O O-O-O 12. Qa4 Bc5 13. Nd3 Bxd3 14. Bxd3 Nd5 15. Bd2 Bb6 16. Rae1 Qc7 17. Qh4 Ne5 18. Bf5+ Kb8 19. c4 Ne7 20. Rxe5 Nxf5 21. Rxf5 Rxd2 22. c5 Qd8 23. Qg4 g6 24. Rxf7 Bxc5 25. Ne4 Rd5 26. Nxc5 Rxc5 27. Rd1 Rd5 28. Rxd5 cxd5 29. h3 Qc8 30. Qd4 Rd8 31. Rxh7 a6 32. Rg7 Qe6 33. Qf4+ Ka8 34. Qc7 Rb8 35. Re7 Qf5 36. Qe5 Qb1+ 37. Kh2 Qxa2 38. Rd7 Qc4 39. Rxd5 Rf8 40. Rd2 Qb4 41. Re2 Rf5 42. Qe8+ Ka7 43. Qxg6 Rb5 44. Qg3 Qc4 45. Qe3+ Ka8 46. Qe8+ Ka7 47. Qe3+ Ka8 48. Rd2 Qc7+ 49. Qg3 Qb6 50. Rc2 Qe6 51. Qc3 Qd6+ 52. Qg3 Qe6 53. Qc7 Qe4 54. Rd2 Ka7 55. Qc3 Qf4+ 56. g3 Qf8 57. Qd4+ Rb6 58. Re2 Qh6 59. h4 Qc6 60. Re5 Ka8 61. Rc5 Qe6 62. Rc8+ Qxc8 63. Qxb6 Qf5 64. Qd8+ Ka7 65. Qd4+ Ka8 66. g4 Qe6 67. Qd8+ Ka7 68. Qd4+ b6 69. h5 a5 70. Kg3 Ka6 71. Qd3+ Ka7 72. Qd4 Ka6 73. g5 Qf5 74. Qe3 a4 75. Qf4 Qd3+ 76. Kh4 b5 77. g6 Qd8+ 78. Kg4 Qd7+ 79. Kg5 Qd5+ 80. Kh6 Qc6 81. Kh7 Qc2 82. Qf6+ Ka7 83. Kg8 b4 84. Qe7+ Ka6 85. Qxb4 Qc8+ 86. Kh7 Qd7+ 87. Kh6 Qc6 88. f4 Ka7 89. Qd4+ Ka8 90. f5 Qc1+ 91. Kh7 Qg5 92. h6 Qxf5 93. Qxa4+ Kb7 94. Qb3+ Ka6 95. Qf7 Qc2 96. Kg7 Ka5 97. Qa7+ Kb4 98. Qb6+ Ka4 99. Qa6+ Kb4 100. Qb7+ Ka4 101. h7 Qc5 102. Qd7+ Ka5 103. h8=Q Qe5+ 104. Kg8 Qb8+ 105. Kh7 Qh2+ 106. Kg8 Qb8+ 107. Kf7 Qxh8 108. Qf5+ Ka4 109. g7 Qd8 110. Qe4+ Ka5 111. Qe5+ Ka4 112. Qe8+ 1-0


[Site "http://www.Chess.com"]

[Event "FIDE World Rapid Chess Championship 2021"]
[White "Muradli, Mahammad"]
[Black "Gabuzyan, Hovhannes"]
[WhiteFideId "13409301"]
[BlackFideId "13303732"]
[WhiteElo "2285"]
[BlackElo "2535"]
[Result "1-0"]
[Round "09"]
[TimeControl "900+10"]
[Date "2021.12.27"]
[WhiteClock "0:03:56"]
[BlackClock "0:08:10"]

1. c4 c5 2. Nc3 g6 3. g3 Bg7 4. Bg2 Nc6 5. Nf3 d6 6. O-O e5 7. d3 Nge7 8. Ne1 Be6 9. Nd5 O-O 10. Nc2 Qd7 11. Re1 Bh3 12. Bh1 Nxd5 13. Bxd5 Ne7 14. Bh1 f5 15. Bg5 Nc6 16. Bd2 f4 17. Rb1 Rf5 18. b4 Raf8 19. Bd5+ Kh8 20. f3 b6 21. Kf2 Rh5 22. Rh1 Nd4 23. Be4 Bh6 24. Nxd4 cxd4 25. b5 Qe7 26. Qc1 Qg5 27. Ke1 Bg2 28. Rg1 Rxh2 29. g4 Qh4+ 30. Kd1 Qf2 31. Re1 Bg5 32. Kc2 Bh4 33. Qa3 Rd8 34. Qxa7 d5 35. Bxd5 Rxd5 36. cxd5 Bxf3 37. Qf7 h5 38. Rbc1 Bxd5 39. Qxd5 Qg2 40. Qxe5+ Kh7 41. gxh5 1-0


[Site "http://www.Chess.com"]

[Event "FIDE World Rapid Chess Championship 2021"]
[White "Samunenkov, Ihor"]
[Black "Mastrovasilis, Dimitrios"]
[WhiteFideId "14187086"]
[BlackFideId "4202694"]
[WhiteElo "2259"]
[BlackElo "2534"]
[Result "0-1"]
[Round "09"]
[TimeControl "900+10"]
[Date "2021.12.27"]
[WhiteClock "0:00:23"]
[BlackClock "0:00:14"]

1. d4 d5 2. Nf3 Nf6 3. g3 c6 4. c4 Bg4 5. Bg2 e6 6. h3 Bh5 7. O-O Nbd7 8. cxd5 cxd5 9. Nc3 Be7 10. Qb3 Qb6 11. Qxb6 Nxb6 12. Ne5 O-O 13. g4 Bg6 14. g5 Ne8 15. Nxg6 hxg6 16. Bf4 Bd6 17. Bxd6 Nxd6 18. Rac1 Rac8 19. e3 Rc7 20. Ne2 Rfc8 21. Rxc7 Rxc7 22. Rc1 Rxc1+ 23. Nxc1 f6 24. Nd3 fxg5 25. Kf1 Nd7 26. Ke2 Kf7 27. Nc5 Ke7 28. Kd3 b6 29. Nb3 Nf6 30. Nd2 g4 31. hxg4 Nxg4 32. f3 Nf6 33. Bh3 g5 34. Nf1 Nf5 35. Nh2 Nh4 36. Ke2 Kd6 37. Ng4 Nxg4 38. Bxg4 e5 39. Kd3 Ng6 40. Bf5 Ne7 41. Bg4 Nc6 42. a3 Na5 43. e4 Nc6 44. dxe5+ Nxe5+ 45. Kd4 Nc6+ 46. Kd3 Ke5 47. exd5 Kxd5 48. b3 Ne5+ 49. Ke3 Nxg4+ 50. fxg4 Ke5 51. a4 a5 0-1


[Site "http://www.Chess.com"]